 Dungeon Crawl Stone Soup version 0.31.0-11-ge490571c62 (webtiles) character file.

Game seed: 58215584758048557

80735 PaiMei the Black Sun (level 15, -1/121 HPs)
             Began as a Demonspawn Necromancer on Feb 2, 2024.
             Was a High Priest of Kikubaaqudgha.
             Killed by divine providence
             ... invoked by a meliai
              (10 damage)
             ... on level 15 of the Dungeon.
             The game lasted 01:03:39 (42524 turns).

PaiMei the Black Sun (Demonspawn Necromancer)      Turns: 42524, Time: 01:03:39

Health: -1/121     AC: 18    Str:  9    XL:     15   Next: 24%
Magic:  37/41      EV: 17    Int: 23    God:    Kikubaaqudgha [*****.]
Gold:   1454       SH:  0    Dex: 13    Spells: 10/40 levels left

rFire   . . .        P - +2 flail (drain)
rCold   . . .        (no shield)
rNeg    . . .        a - +2 steam dragon scales
rPois   .            V - +0 helmet
rElec   .            n - +0 cloak
rCorr   .            (no gloves)
SInv    .            Z - +1 pair of boots
Will    +....        s - amulet of regeneration
Stlth   ++           e - ring of magical power
HPRegen 1.20/turn    f - +4 ring of protection
MPRegen 0.27/turn

%: no passive effects
@: about to teleport
A: slimy green scales 2, powered by pain 1, weakness stinger 2
a: Renounce Religion, Unearth Wretches, Torment


You were on level 15 of the Dungeon.
You worshipped Kikubaaqudgha.
Kikubaaqudgha was extremely pleased with you.
You visited 4 branches of the dungeon, and saw 22 of its levels.

You collected 1487 gold pieces.
You spent 33 gold pieces at shops.

Inventory:

Hand Weapons
 o - a +4 quarterstaff of chaos
 P - a +2 flail of draining (weapon)
Missiles
 h - 32 poisoned darts (quivered)
 z - a curare-tipped dart
 J - 2 throwing nets
 T - 4 datura-tipped darts
Armour
 a - +2 steam dragon scales (worn)
 n - a +0 cloak (worn)
 R - a +0 kite shield
 V - a +0 helmet (worn)
 Z - a +1 pair of boots (worn)
Jewellery
 e - a ring of magical power (left hand)
 f - a +4 ring of protection (right hand)
 s - an amulet of regeneration (around neck)
 B - a ring of poison resistance
 E - an amulet of reflection
 I - a ring of willpower
Wands
 v - a wand of light (50)
 y - a wand of charming (31)
 C - a wand of polymorph (15)
 D - a wand of iceblast (6)
 N - a wand of mindburst (11)
 S - a wand of flame (24)
Scrolls
 c - a scroll of amnesia
 d - a scroll of butterflies
 g - 2 scrolls of teleportation
 l - a scroll of brand weapon
 p - 6 scrolls of revelation
 q - 4 scrolls of immolation
 t - 3 scrolls of enchant armour
 w - a scroll of silence
 x - a scroll of fog {unknown}
 H - 2 scrolls of poison
 L - 4 scrolls of identify
 M - a scroll of vulnerability
 W - 2 scrolls of enchant weapon
 X - a scroll of torment
Potions
 b - 2 potions of magic
 i - 2 potions of brilliance {unknown}
 k - 10 potions of curing
 m - 2 potions of haste {unknown}
 r - 5 potions of enlightenment
 u - 2 potions of ambrosia
 F - 3 potions of resistance {unknown}
 G - 5 potions of attraction
 K - a potion of might {unknown}
 Q - 2 potions of mutation {unknown}
 U - a potion of berserk rage {unknown}
 Y - 3 potions of invisibility
Miscellaneous
 A - a phial of floods


   Skills:
 - Level 12.2 Fighting
 - Level 11.6 Dodging
 - Level 2.6 Stealth
 + Level 5.8 Shields
 + Level 13.0 Spellcasting
 + Level 15.7 Necromancy
 + Level 6.3 Evocations


You had 10 spell levels left.
You knew the following spells:

 Your Spells              Type           Power      Damage    Failure   Level
a - Necrotise             Necr           100%       1d9       0%          1
b - Vampiric Draining     Necr           72%        2d11      1%          3
c - Animate Dead          Necr           72%        N/A       1%          4
d - Curse of Agony        Necr           72%        N/A       1%          5
e - Dispel Undead         Necr           72%        3d24      1%          4
f - Borgnjor's Vile Clut  Necr/Erth      25%        N/A       4%          5
g - Anguish               Hex/Necr       25%        N/A       1%          4
h - Martyr's Knell        Necr/Summ      50%        N/A       1%          4

Your spell library contained the following spells:

 Spells                   Type           Power      Damage    Failure   Level
 Sublimation of Blood     Necr           72%        N/A       0%          2
 Kiss of Death            Conj/Necr      100%       2d13      1%          1
 Fugue of the Fallen      Necr           72%        N/A       1%          3
 Apportation              Tloc           28%        N/A       4%          1
 Shock                    Conj/Air       56%        1d6       4%          1
 Ensorcelled Hibernation  Hex/Ice        28%        N/A       6%          2
 Jinxbite                 Hex            28%        N/A       6%          2
 Lesser Beckoning         Tloc           28%        N/A       6%          2
 Mercury Vapours          Alch/Air       28%        N/A       6%          2
 Gell's Gravitas          Tloc           14%        N/A       12%         3
 Mephitic Cloud           Conj/Alch/Air  14%        N/A       12%         3
 Swiftness                Air            14%        N/A       12%         3
 Teleport Other           Tloc           14%        N/A       12%         3
 Airstrike                Air            7%         2d(1-17)  38%         4
 Leda's Liquefaction      Alch/Erth      7%         N/A       38%         4
 Vhi's Electric Charge    Tloc/Air       28%        N/A       38%         4
 Alistair's Intoxication  Alch           9%         N/A       75%         5
 Arcjolt                  Conj/Air       7%         1d17      75%         5
 Freezing Cloud           Conj/Ice/Air   7%         6-21      75%         5
 Lee's Rapid Deconstruct  Erth           7%         3d6*      75%         5
 Summon Forest            Summ/Tloc      7%         N/A       75%         5
 Summon Mana Viper        Hex/Summ       14%        N/A       75%         5
 Yara's Violent Unravell  Hex/Alch       7%         3d5       75%         5
 Bombard                  Conj/Erth      7%         9d2       99%         6
 Dispersal                Tloc           7%         N/A       99%         6
 Plasma Beam              Fire/Air       7%         2x1d17    99%         6
 Sculpt Simulacrum        Ice/Alch       7%         N/A       99%         6
 Summon Cactus Giant      Summ           7%         N/A       99%         6
 Enfeeble                 Hex            7%         N/A       100%        7
 Ozocubu's Refrigeration  Ice            7%         4d9       100%        7
 Maxwell's Capacitive Co  Air            7%         ∞         100%        8
 Chain Lightning          Conj/Air       7%         3d9       100%        9
 Fire Storm               Conj/Fire      7%         8d2       100%        9
 Polar Vortex             Ice            7%         N/A       100%        9
 Shatter                  Erth           7%         3d9*      100%        9


Dungeon Overview and Level Annotations

Branches:
Dungeon (15/15)            Temple (1/1) D:4            Lair (5/5) D:11
  Swamp (0/4) Lair:3       Spider (0/4) Lair:3        Slime (0/5) Lair:4
    Orc (1/2) D:10         Vaults (0/5) D:14
 Depths: D:15

Altars:
Ashenzari
Cheibriados
Dithmenos
Fedhas
Gozag
Hepliaklqana
Kikubaaqudgha
Makhleb
Nemelex Xobeh
Okawaru
Qazlal
Ru
Sif Muna
Trog
Uskayaw
Vehumet
Wu Jian
Xom
Yredelemnul
Jiyva

Shops:
D:2 *   D:13 (

Annotations:
D:3 3 runed translucent doors, zenocrate's ghost, weakling OpDe
D:9 5 transporters, Erolcha
D:15 3 runed translucent doors, Nessos; Qioc Jyh's ghost, journeyman DsSh


Innate Abilities, Weirdness & Mutations

You are mostly covered in slimy green scales. (AC +3)
You sometimes gain a little power by taking damage.
You have a tail ending in a sharp stinger.


Message History

You feel very sick.
You feel very sick.
A meliai comes into view. It is wielding a +0 broad axe.
You feel sick.
The meliai buzzes angrily.
You hear an angry buzzing noise.
A meliai comes into view. It is wielding a +0 war axe.
You feel sick.
The meliai invokes the aid of its god against you.
Something smites you!
You feel sick. The meliai closely misses you.
The meliai stings you but does no damage.
The meliai hits you but does no damage. The meliai misses you.
You feel sick.
The meliai mumbles some strange prayers to its god against you.
Something smites you! The meliai attacks as it pursues you!
The meliai misses you.
The meliai stings you but does no damage.
You feel sick.
The meliai calls down the wrath of its god upon you.
Something smites you!
* * * LOW HITPOINT WARNING * * *
The meliai calls down the wrath of its god upon you.
Something smites you!
* * * LOW HITPOINT WARNING * * *
You feel sick. The meliai barely misses you.
The meliai stings you but does no damage.
Blink to where?
Press: ? - help, Dir - move target
As you read the scroll of blinking, it crumbles to dust.
You feel sick.
You are no longer poisoned.
Okay, then.
Okay, then.
Okay, then.
As you read the scroll of teleportation, it crumbles to dust.
You feel strangely unstable.
The meliai invokes the aid of its god against you.
Something smites you!
You die...
Kikubaaqudgha rasps: "You have failed me!
Welcome... death!"

#.#...## #.#.# #...yD.c..
#.##.## #.#.## #.#######.
#.##.# ##....###.# #.
#.##.#####....#.yy.# ### #.
#.##....).......##.###.###.
#.##.[####..y.####.##...##.
#.##..# ##.#.####.#.....#.
#.##..#####.#......##...##.
#.........@.#.####.........
####..#######.########.###.
#..### #..†...........
#....# ######..#####..
#####..#.##########.##...###
#...................#W...Z.Z
#.###.###.###.###..##..#
#.###..##.# #.# ##.#..#
#.##...##.# #.###..#..#


You could see a meliai.

Vanquished Creatures
  Rupert (D:13)
  An ogre mage (D:14)
  A rakshasa (D:14)
  6 hydras
  6 centaur warriors
  A boulder beetle (D:14)
  2 death knights (D:14)
  3 two-headed ogres
  2 catoblepae
  5 death yaks
  A tengu warrior (D:14)
  An occultist (D:15)
  Urug (D:13)
  2 skysharks (Lair:4)
  An arcanist (D:13)
  A deep elf archer (D:14)
  A lindwurm (Lair:5)
  Pikel (D:7)
  4 deep elf pyromancers
  3 orc knights
  2 phantasmal warriors (D:14)
  16 ugly things
  4 cyclopes (D:13)
  3 meliai (D:14)
  5 black mambas
  Joseph (D:10)
  3 elephants (Lair:5)
  8 cane toads
  A torpor snail (Lair:3)
  2 rime drakes
  2 unseen horrors (D:11)
  Maggie (D:8)
  6 komodo dragons
  A freezing wraith (D:14)
  A kobold demonologist (D:9)
  2 efreet
  A queen bee (shapeshifter) (D:14)
  6 trolls
  A polar bear (Lair:5)
  7 blink frogs
  A dream sheep (Lair:5)
  A centaur simulacrum (D:14)
  A spriggan (shapeshifter) (D:14)
  2 wraiths (D:11)
  A yak (shapeshifter) (D:13)
  6 slime creatures
  6 water elementals (D:14)
  29 yaks
  A wyvern (Lair:3)
  A shadow (D:9)
  A hog (shapeshifter) (D:15)
  2 vampires
  A warg (D:15)
  2 steam dragons
  3 basilisks
  9 vampire mosquitoes
  2 acid dragons
  10 water moccasins
  2 hell hounds (Lair:5)
  13 orc warriors
  An ice beast (D:8)
  3 sky beasts
  4 ogres
  An ogre (shapeshifter) (D:15)
  16 wolves
  2 boggarts (shapeshifter) (D:14)
  11 centaurs
  A phantom (D:5)
  A lemure (D:7)
  A kobold brigand (D:8)
  7 bullfrogs
  6 scorpions
  2 gnoll sergeants (D:10)
  5 wights (D:9)
  3 killer bees (D:10)
  3 howler monkeys
  3 bombardier beetles
  7 electric eels
  4 hounds
  Crazy Yiuf (D:2)
  2 gnoll boudas
  7 orc priests
  3 jellies
  A sleepcap (D:6)
  An iguana (D:5)
  Ijyb (D:5)
  6 orc wizards
  20 gnolls
  5 adders
  An adder (shapeshifter) (D:15)
  3 white imps
  6 ufetubi
  2 dart slugs
  3 ribbon worms (Lair:3)
  26 orcs
  7 bats
  5 endoplasms
  4 giant cockroaches
  5 goblins
  10 hobgoblins
  4 jackals (D:4)
  7 quokkas
  3 training dummies (D:13)
  5 ball pythons
  2 frilled lizards (D:2)
  14 kobolds
  12 rats
  A spectral kobold (D:7)
459 creatures vanquished.

Vanquished Creatures (collateral kills)
  Frances (D:13)
  An eleionoma (Lair:3)
  A hydra (Lair:5)
  A two-headed ogre (D:12)
  An arcanist (Lair:5)
  A manticore (D:12)
  A black mamba (Lair:5)
  3 elephants (Lair:5)
  2 gargoyles (D:12)
  5 cane toads
  2 komodo dragons
  4 rime drakes (Lair:5)
  A red devil (Lair:5)
  11 blink frogs
  3 dream sheep (Lair:5)
  4 slime creatures (D:12)
  21 yaks
  2 wyverns
  2 basilisks
  3 water moccasins
  A hell hound (Lair:5)
  A black bear (Lair:1)
  3 wolves (Lair:3)
  An electric eel (Lair:3)
  A hell rat (Lair:5)
  A gnoll (D:5)
  An orc (D:14)
  An endoplasm (D:3)
  2 goblins (D:1)
  A ball python (D:2)
83 creatures vanquished.

Vanquished Creatures (others)
  An ugly thing zombie (D:12)
  A catoblepas zombie (Lair:5)
  3 hydra zombies
  A black mamba zombie (Lair:5)
  A slime creature zombie (D:14)
  2 two-headed ogre zombies
  4 cane toad zombies
  2 dream sheep zombies (Lair:5)
  A wolf (Lair:3)
  A komodo dragon zombie (Lair:5)
  A cyclops zombie (D:13)
  3 water moccasin zombies
  A yak zombie (Lair:2)
  A basilisk zombie (Lair:5)
  An orc wizard (D:12)
  4 orc zombies (D:14)
28 creatures vanquished.

Grand Total: 570 creatures vanquished

Notes
Turn   | Place    | Note
-------+----------+-------------------------------------------
     0 | D:1      | PaiMei the Demonspawn Necromancer began the quest for the
                  | Orb.
     0 | D:1      | Reached XP level 1. HP: 13/13 MP: 3/3
   204 | D:1      | Gained mutation: You have a small tail. [demonic ancestry]
   204 | D:1      | Reached XP level 2. HP: 19/19 MP: 1/5
   570 | D:1      | Got the Codex of Captivating Blasphemous Arts
  1057 | D:1      | Reached XP level 3. HP: 24/24 MP: 3/6
  2149 | D:2      | Reached XP level 4. HP: 22/30 MP: 2/7
  2282 | D:2      | Learned a level 3 spell: Vampiric Draining
  2430 | D:2      | Reached skill level 5 in Necromancy
  2488 | D:2      | Found Medalipto's General Store.
  2499 | D:2      | Bought a scroll of teleportation for 33 gold pieces
  2689 | D:2      | Found a runed translucent door.
  2690 | D:2      | Noticed Crazy Yiuf
  2697 | D:2      | Killed Crazy Yiuf
  2812 | D:3      | Reached skill level 1 in Fighting
  2812 | D:3      | Reached XP level 5. HP: 34/37 MP: 1/9
  3466 | D:3      | Found a shimmering blue altar of Sif Muna.
  3501 | D:3      | Reached XP level 6. HP: 35/44 MP: 5/10
  3689 | D:3      | Found a runed translucent gate.
  3689 | D:3      | Found a runed translucent gate.
  3689 | D:3      | Found a runed translucent gate.
  3690 | D:3      | Noticed zenocrate's ghost (weakling OpDe)
  4142 | D:4      | Found a staircase to the Ecumenical Temple.
  5252 | Temple   | Entered the Ecumenical Temple
  5282 | Temple   | Became a worshipper of Kikubaaqudgha
  5317 | D:5      | Entered Level 5 of the Dungeon
  5323 | D:5      | Found a shimmering altar of Xom.
  5323 | D:5      | Found a shimmering altar of Xom.
  5324 | D:5      | Found a shimmering altar of Xom.
  5442 | D:5      | Found a radiant altar of Vehumet.
  5527 | D:5      | Reached skill level 6 in Necromancy
  5527 | D:5      | Reached XP level 7. HP: 22/51 MP: 12/12
  5538 | D:5      | HP: 1/51 [gnoll/+0 flail (8)]
  6752 | D:5      | Noticed Ijyb
  6779 | D:5      | Killed Ijyb
  7344 | D:6      | Reached XP level 8. HP: 60/60 MP: 5/14
  7527 | D:6      | Reached * piety under Kikubaaqudgha
  7527 | D:6      | Received a gift from Kikubaaqudgha
  7914 | D:6      | Reached skill level 7 in Necromancy
  8400 | D:7      | Reached skill level 5 in Spellcasting
  8489 | D:7      | Reached skill level 5 in Dodging
  9090 | D:7      | Reached skill level 5 in Fighting
  9870 | D:7      | Noticed Pikel
  9931 | D:7      | Killed Pikel
  9932 | D:7      | Reached skill level 8 in Necromancy
  9932 | D:7      | Reached XP level 9. HP: 47/68 MP: 7/17
 10129 | D:7      | Found a hazy altar of Hepliaklqana.
 10329 | D:7      | Learned a level 4 spell: Animate Dead
 11040 | D:8      | Noticed a komodo dragon
 11909 | D:8      | Killed a komodo dragon
 12375 | D:9      | Noticed Erolcha
 12506 | D:9      | Noticed Maggie
 12923 | D:8      | Killed Maggie
 12924 | D:8      | Reached skill level 9 in Necromancy
 13213 | D:9      | Found a transporter.
 13216 | D:9      | Found a transporter.
 13225 | D:9      | Noticed a kobold demonologist
 13228 | D:9      | Noticed a troll
 13229 | D:9      | Noticed a sun demon
 13233 | D:9      | Killed a kobold demonologist
 13234 | D:9      | Gained mutation: You are partially covered in slimy green
                  | scales. (AC +2) [demonic ancestry]
 13234 | D:9      | Reached XP level 10. HP: 69/77 MP: 7/20
 13241 | D:9      | Found a transporter.
 13241 | D:9      | Found a transporter.
 13635 | D:8      | Learned a level 4 spell: Dispel Undead
 13641 | D:8      | Learned a level 5 spell: Curse of Agony
 13817 | D:9      | Found a transporter.
 13819 | D:9      | Found a transporter.
 14620 | D:10     | Entered Level 10 of the Dungeon
 14759 | D:10     | Found a basalt altar of Yredelemnul.
 14845 | D:10     | Noticed Joseph
 14861 | D:10     | Killed Joseph
 15674 | D:10     | Reached ** piety under Kikubaaqudgha
 15952 | D:10     | Found a staircase to the Orcish Mines.
 16525 | D:9      | Reached skill level 10 in Necromancy
 17345 | D:10     | Noticed a two-headed ogre
 17998 | D:11     | Noticed a death yak
 17998 | D:11     | Noticed a death yak
 18240 | Orc:1    | Entered Level 1 of the Orcish Mines
 18240 | Orc:1    | Noticed a kobold blastminer
 18240 | Orc:1    | Noticed a kobold blastminer
 18402 | D:11     | Found a sacrificial altar of Ru.
 18437 | D:11     | Found a staircase to the Lair.
 18499 | D:11     | Reached XP level 11. HP: 64/86 MP: 23/23
 18628 | D:11     | Noticed a death yak
 18633 | Lair:1   | Entered Level 1 of the Lair of Beasts
 19868 | Lair:1   | You fall into a shaft and drop 1 floor!
 19875 | Lair:2   | Reached *** piety under Kikubaaqudgha
 19875 | Lair:2   | Received a gift from Kikubaaqudgha
 19933 | Lair:2   | Reached skill level 11 in Necromancy
 22016 | Lair:3   | Noticed a death yak
 22037 | Lair:3   | Killed a death yak
 22131 | Lair:3   | Noticed a death yak
 22147 | Lair:3   | Gained mutation: You have a tail ending in a sharp stinger.
                  | [demonic ancestry]
 22147 | Lair:3   | Reached XP level 12. HP: 97/97 MP: 8/25
 22263 | Lair:3   | Killed a death yak
 22440 | Lair:3   | Found a staircase to the Swamp.
 22440 | Lair:3   | Noticed an eleionoma
 22449 | Lair:3   | Killed an eleionoma
 22624 | Lair:3   | Reached skill level 10 in Fighting
 22624 | Lair:3   | Reached skill level 12 in Necromancy
 22934 | Lair:3   | Found a hole to the Spider Nest.
 22956 | Lair:3   | Reached **** piety under Kikubaaqudgha
 24173 | Lair:4   | Reached skill level 10 in Spellcasting
 24185 | Lair:4   | Reached skill level 10 in Dodging
 24280 | Lair:4   | Noticed an eight-headed hydra
 24725 | Lair:4   | Noticed a four-headed hydra
 24732 | Lair:4   | Killed a four-headed hydra
 25944 | Lair:4   | Found a viscous altar of Jiyva.
 25944 | Lair:4   | Found a staircase to the Slime Pits.
 26124 | Lair:5   | Entered Level 5 of the Lair of Beasts
 27091 | Lair:5   | Noticed a catoblepas
 27097 | Lair:5   | Noticed an eight-headed hydra
 27112 | Lair:5   | Killed a catoblepas
 27113 | Lair:5   | Reached skill level 13 in Necromancy
 27113 | Lair:5   | Gained mutation: You sometimes gain a little power by
                  | taking damage. [demonic ancestry]
 27113 | Lair:5   | Reached XP level 13. HP: 96/106 MP: 7/27
 28176 | Lair:5   | Reached ***** piety under Kikubaaqudgha
 30054 | Lair:5   | Found a burning altar of Makhleb.
 31274 | D:11     | Reached skill level 14 in Necromancy
 32315 | D:12     | Gained mutation: You are mostly covered in slimy green
                  | scales. (AC +3) [demonic ancestry]
 32315 | D:12     | Reached XP level 14. HP: 115/115 MP: 25/29
 32559 | D:12     | Reached skill level 1 in Evocations
 32560 | D:12     | Reached skill level 1 in Shields
 32663 | D:12     | Identified the +0 chain mail of Nemelex Xobeh {rElec}
 33568 | D:12     | Learned a level 5 spell: Borgnjor's Vile Clutch
 33573 | D:12     | Learned a level 4 spell: Anguish
 33578 | D:12     | Learned a level 4 spell: Martyr's Knell
 33673 | D:13     | Noticed Urug
 33687 | D:13     | Killed Urug
 33762 | D:13     | Found Gehaif's Firing Range.
 33791 | D:13     | Noticed Frances
 33800 | D:13     | HP: 5/115 [Frances/+2 mace of holy wrath (5)]
 33801 | D:13     | Killed Frances
 34017 | D:13     | Noticed Rupert
 34028 | D:13     | Killed Rupert
 36203 | D:14     | Reached skill level 15 in Necromancy
 36949 | D:14     | Reached skill level 5 in Evocations
 36953 | D:14     | HP: 5/115 [burnt (14)]
 38707 | D:14     | Reached skill level 5 in Shields
 39250 | D:14     | Reached XP level 15. HP: 88/121 MP: 22/31
 39418 | D:14     | Found a gate to the Vaults.
 40662 | D:14     | HP: 1/121 [drowned by a water elemental (14)]
 41239 | D:15     | Entered Level 15 of the Dungeon
 41239 | D:15     | Found a runed translucent gate.
 41239 | D:15     | Found a runed translucent gate.
 41239 | D:15     | Found a runed translucent gate.
 41462 | D:15     | Noticed Nessos
 41656 | D:15     | Noticed Qioc Jyh's ghost (journeyman DsSh)
 42519 | D:15     | HP: 5/121 [meliai/divine providence (17)]
 42524 | D:15     | Killed from afar by a meliai

Illustrated notes

Levels and vault maps discovered:
D:1:      sevenhm_arrival_forest_fort_small_5, layout_loops_ring, serial_forest,
          infiniplex_forest_clump_medium, infiniplex_forest_pool,
          infiniplex_forest_end_double, infiniplex_forest_corner_1,
          infiniplex_forest_lined_ring, minivault_11, minmay_tromino_v4_b
D:2:      layout_basic, serial_shops, nicolae_shop_tiny_glass, minmay_tall_x,
          uniq_crazy_yiuf_cottage
D:3:      layout_rooms, mainiacjoe_overflow_six_doors_small,
          gammafunk_ghost_necromancy
D:4:      layout_cave_pods, minmay_temple_entry_purple_smoke,
          portal_sewer_entry_e, minmay_misc_feat_alley
D:5:      layout_gridville, vehumet_crystals, xom_redecorated, uniq_ijyb
D:6:      layout_rooms, tso_oasis_becter
D:7:      layout_rooms, nicolae_hepliaklqana_monster_ancestors, uniq_pikel
D:8:      layout_cave_pods, chequers_serial_rivers_small_b,
          chequers_serial_rivers_room_a, fungi_pond_lemuel,
          palyth_stone_intersect, dk_vineyard_1
D:9:      layout_stronghold, minivault_14, serial_nicolae_subway,
          nicolae_sub_station_crystal, nicolae_sub_station_stone,
          nicolae_sub_station_metal, uniq_maggie, uniq_erolcha
D:10:     layout_stronghold, mainiacjoe_overflow_tiny_flanked,
          kennysheep_orc_monster_closet_entryway, uniq_joseph
D:11:     layout_basic, dpeg_lair_monsters, gauntlet_entry_generic,
          nicolae_ru_awakened_eye
D:12:     layout_irregular_city
D:13:     layout_loops_ring, minivault_16, nicolae_shop_firing_range, uniq_urug,
          uniq_frances, uniq_rupert
D:14:     minmay_s_stair_smasher, layout_loops_ring,
          hangedman_vaults_entry_quadrant_bands, kennysheep_boxes
D:15:     hellmonk_depths_entry_around_the_bend, layout_loops_ring,
          gammafunk_ghost_icy, elyvilon_altar_1, uniq_azrael, uniq_nessos,
          uniq_louise
Temple:   kb_temple_of_zot
Lair:1:   layout_small_grid, nicolae_volcano_entry_lava_flow
Lair:2:   layout_regular_city
Lair:3:   layout_gridlike, alex1729_swamp_entry_worm_eleionoma,
          nicolae_spider_entry_non_spiders, portal_ice_cave_entry_pillars_1
Lair:4:   layout_roguey, dpeg_slime_entry_enclosed, grunt_megastairs_4,
          infiniplex_staircase_pool_2, serial_bayou_shore_b,
          serial_bayou_shore_a, serial_bayou_shore_b
Lair:5:   evil_forest, layout_regular_city, grunt_megastairs_3
Orc:1:    layout_caves, basic_altar, serial_shops, shop, nicolae_orc_rockfall

Skill      XL: |  1  2  3  4  5  6  7  8  9 10 11 12 13 14 15 |
---------------+----------------------------------------------+-----
Stealth        | 2 |  2.6
Dodging        | 2 3 4 5 6 8 9 10 11 | 11.6
Necromancy     | 5 6 8 9 10 11 13 14 15 | 15.7
Fighting       | 1 2 3 5 6 8 9 11 12 | 12.2
Spellcasting   | 3 4 5 6 8 9 10 11 12 13 | 13.0
Evocations     | 5 6 |  6.3
Shields        | 5 |  5.8

Action                     |  1- 3 |  4- 6 |  7- 9 | 10-12 | 13-15 || total
---------------------------+-------+-------+-------+-------+-------++-------
  Melee: Unarmed           |    11 |       |       |       |       ||    11
         Short sword       |    14 |    29 |   168 |       |       ||   211
         Tailslap          |     2 |     5 |    38 |    55 |   112 ||   212
         Punch             |       |     1 |       |     5 |    12 ||    18
         Dagger            |       |       |     1 |   291 |    18 ||   310
         Flail             |       |       |       |       |   451 ||   451
   Cast: Necrotise         |    69 |   100 |   180 |   248 |    89 ||   686
         Vampiric Draining |       |     7 |    64 |   254 |   204 ||   529
         Dispel Undead     |       |       |       |    11 |    20 ||    31
         Animate Dead      |       |       |       |    10 |    10 ||    20
         Curse of Agony    |       |       |       |     9 |    38 ||    47
         Borgnjor's Vile C |       |       |       |       |    66 ||    66
  Evoke: Wand              |       |       |       |       |     2 ||     2
    Use: Scroll            |       |       |     6 |    16 |     9 ||    31
         Potion            |       |       |       |     3 |     8 ||    11
   Stab: Distracted        |       |       |       |     1 |     2 ||     3
         Sleeping          |       |       |       |       |     2 ||     2
 Armour: Robe              |    18 |    53 |   192 |       |       ||   263
         Steam dragon scal |       |       |    14 |   631 |   852 ||  1497
  Dodge: Dodged            |    32 |    44 |   270 |   742 |   903 ||  1991
